 Dungeon Crawl Stone Soup version 0.31-a0-1616-gbeaec30b81 (webtiles) character file.

Game seed: 16716999003939931328

2338 Newt the Changeling (level 9, -5/68 HPs)
             Began as a Demonspawn Gladiator on Jan 10, 2024.
             Was a Priest of Okawaru.
             Slain by a spriggan
             ... wielding a +0 trident
              (7 damage)
             ... in a bailey.
             The game lasted 00:06:37 (4019 turns).

Newt the Changeling (Demonspawn Gladiator)          Turns: 4019, Time: 00:06:38

Health: -5/68      AC:  9    Str: 18    XL:     9   Next: 19%
Magic:  7/9        EV: 16    Int: 10    God:    Okawaru [***...]
Gold:   210        SH:  0    Dex: 14    Spells: 8/8 levels left

rFire   . . .        p - +5 quarterstaff
rCold   . . .        (shield currently unavailable)
rNeg    . . .        h - +5 robe of Indomitability {rElec}
rPois   .            c - melded +0 helmet
rElec   +            s - melded +0 cloak
rCorr   .            (gloves currently unavailable)
SInv    +            (boots currently unavailable)
Will    .....        (no amulet)
Stlth   +++          j - ring of see invisible
HPRegen 0.31/turn    (no ring)
MPRegen 0.11/turn

%: no passive effects
@: beast-form, heroic
A: beast (slay +4), hooves 2, thin metallic scales 1, ignite blood 2, spiny 1
a: Begin Untransformation, Renounce Religion, Heroism


You were in a bailey.
You worshipped Okawaru.
Okawaru was most pleased with you.
You were a hulking beast.
You visited 2 branches of the dungeon, and saw 7 of its levels.
You also visited: Bailey.

You collected 210 gold pieces.

Inventory:

Hand Weapons
 a - a +0 rapier
 p - a +5 quarterstaff (weapon)
Missiles
 e - 3 javelins
 g - 14 poisoned darts
Armour
 b - a +0 leather armour
 c - a +0 helmet (melded)
 h - the +5 robe of Indomitability (worn) {rElec}
   (You found it on level 4 of the Dungeon)

   rElec:     It insulates you from electricity.
 s - a +0 cloak (melded)
Jewellery
 j - a ring of see invisible (left hand)
Talismans
 k - a beast talisman (active)
Wands
 n - a wand of polymorph (20)
 w - a wand of flame (12)
Scrolls
 o - 2 scrolls of teleportation
Potions
 f - 2 potions of brilliance {unknown}
 i - 2 potions of heal wounds {unknown}
 l - a potion of invisibility {unknown}
 m - a potion of magic
 q - a potion of mutation {unknown}
 r - a potion of attraction
 t - a potion of might
 u - a potion of resistance


   Skills:
 + Level 5.3(10.3) Fighting
 - Level 2.6(7.6) Short Blades
 - Level 6.0(11.0) Staves
 - Level 1.7(6.7) Throwing
 - Level 4.0(9.0) Dodging
 - Level 7.0 Shapeshifting


You had 8 spell levels left.
You didn't know any spells.
Your spell library contained the following spells:

 Spells                   Type           Power      Damage    Failure   Level
 Sigil of Binding         Hex            0%         N/A       75%         3
 Dimensional Bullseye     Hex/Tloc       0%         N/A       98%         4
 Call Canine Familiar     Summ           Unusable   N/A       N/A         3

Dungeon Overview and Level Annotations

Branches:
Dungeon (8/15)             Temple (1/1) D:4            Lair (0/5) D:8
 Bailey (1/1)

Altars:
Ashenzari
Cheibriados
Gozag
Hepliaklqana
Nemelex Xobeh
Okawaru
Ru
Sif Muna
Trog
Uskayaw
Vehumet
Wu Jian
Xom
Yredelemnul


Innate Abilities, Weirdness & Mutations

You are a hulking beast.
Your limbs bulge with bestial killing power. (Slay +4)
You have hoof-like feet.
You are partially covered in thin metallic scales. (AC +2)
Your demonic aura often causes spilled blood to erupt in flames.
You are partially covered in sharp spines.


Message History

Your unstable footing causes you to fumble your attack.
The spriggan closely misses you. x2
Unknown command.
Your unstable footing causes you to fumble your attack.
The spriggan closely misses you. The spriggan barely misses you.
Unknown command.
You closely miss the spriggan.
The spriggan is lightly wounded.
The spriggan hits you but does no damage.
The spriggan is struck by your spines. The spriggan hits you with a +0 spear!
Unknown command.
You thump the spriggan! You kick the spriggan.
The spriggan is almost dead.
The spriggan hits you from afar with a +0 trident.
* * * LOW HITPOINT WARNING * * *
The spriggan hits you with a +0 spear.
* * * LOW HITPOINT WARNING * * *
Unknown command.
The spriggan closely misses you. The spriggan attacks as it pursues you!
The spriggan hits you from afar with a +0 spear.
* * * LOW HITPOINT WARNING * * *
The spriggan attacks as it pursues you!
The spriggan hits you but does no damage.
The spriggan hits you from afar with a +0 spear.
* * * LOW HITPOINT WARNING * * *
Okay, then.
You gain the combat prowess of a mighty hero.
You can no longer speed up your combat.
The spriggan misses you.
Unknown command.
The spriggan is struck by your spines.
The spriggan hits you with a +0 trident!
* * * LOW HITPOINT WARNING * * *
The spriggan hits you with a +0 spear.
* * * LOW HITPOINT WARNING * * *
You closely miss the spriggan.
The spriggan is severely wounded.
The spriggan hits you with a +0 trident!
You die...

#...♣.♣ #..~~~.
#..~#.♣ #..~~~.
#..)~.♣ #..~~~.
#..~#.♣ ♣..~~~.
#...#.♣ ♣..~~~.
#...♣..
##).###.
##.°##.. ♣♣..##
#. ##.i♣#..
##))## ##
##ih#######..##
# ##☼........##
##.......##
#########


You could see 2 spriggans.

Vanquished Creatures
  Maurice (D:8)
  A wyvern (D:8)
  Menkaure (D:4)
  2 black bears (D:4)
  7 ogres
  6 wights (D:8)
  4 howler monkeys (D:8)
  2 orc priests (D:5)
  A sleepcap (D:8)
  An iguana (D:5)
  2 orc wizards (D:4)
  Natasha (thrice) (D:3)
  Robin (D:3)
  6 adders
  2 ufetubi (D:4)
  2 dart slugs
  2 ribbon worms
  23 orcs
  5 ball pythons
  2 bats
  9 endoplasms
  4 giant cockroaches
  20 goblins
  10 hobgoblins
  4 jackals (D:3)
  4 kobolds
  11 quokkas
  3 frilled lizards
  8 rats
147 creatures vanquished.

Notes
Turn   | Place    | Note
-------+----------+-------------------------------------------
     0 | D:1      | Newt the Demonspawn Gladiator began the quest for the Orb.
     0 | D:1      | Reached XP level 1. HP: 16/16 MP: 1/1
   150 | D:1      | Gained mutation: You have large cloven feet. [demonic
                  | ancestry]
   150 | D:1      | Reached XP level 2. HP: 23/23 MP: 2/2
   836 | D:2      | Gained mutation: You are partially covered in sharp spines.
                  | [demonic ancestry]
   836 | D:2      | Reached XP level 3. HP: 23/29 MP: 3/3
  1466 | D:3      | Reached skill level 1 in Staves
  1493 | D:3      | Gained mutation: Your demonic aura sometimes causes spilled
                  | blood to erupt in flames. [demonic ancestry]
  1493 | D:3      | Reached XP level 4. HP: 31/37 MP: 4/4
  1542 | D:3      | Noticed Natasha
  1547 | D:3      | Killed Natasha
  1617 | D:3      | Found a bloodstained altar of Trog.
  1725 | D:3      | Noticed Robin
  1737 | D:3      | Killed Robin
  1745 | D:3      | Gained mutation: Your demonic aura often causes spilled
                  | blood to erupt in flames. [demonic ancestry]
  1745 | D:3      | Reached XP level 5. HP: 27/42 MP: 5/5
  1868 | D:3      | Noticed Natasha
  1872 | D:3      | Killed Natasha
  1938 | D:3      | Noticed Natasha
  1943 | D:3      | Killed Natasha
  2187 | D:4      | Noticed an ogre
  2196 | D:4      | Killed an ogre
  2197 | D:4      | Gained mutation: You are partially covered in thin metallic
                  | scales. (AC +2) [demonic ancestry]
  2197 | D:4      | Reached XP level 6. HP: 43/48 MP: 6/6
  2224 | D:4      | Identified the +5 robe of Indomitability {rElec}
  2248 | D:4      | Found a staircase to the Ecumenical Temple.
  2307 | Temple   | Entered the Ecumenical Temple
  2316 | Temple   | Became a worshipper of Warmaster Okawaru
  2337 | D:4      | Noticed Menkaure
  2345 | D:4      | Killed Menkaure
  2346 | D:4      | Reached skill level 5 in Staves
  2427 | D:4      | Found an ornate altar of the Wu Jian Council.
  2592 | D:4      | Reached * piety under Okawaru
  2593 | D:4      | Gained mutation: You have hoof-like feet. [demonic
                  | ancestry]
  2593 | D:4      | Reached XP level 7. HP: 47/54 MP: 7/7
  2749 | D:4      | Found a sparkling altar of Nemelex Xobeh.
  3167 | D:5      | Entered Level 5 of the Dungeon
  3191 | D:5      | Reached skill level 1 in Shapeshifting
  3392 | D:5      | Reached skill level 2 in Shapeshifting
  3630 | D:5      | Reached ** piety under Okawaru
  3640 | D:5      | Reached skill level 3 in Shapeshifting
  3649 | D:5      | You fall into a shaft and drop 3 floors!
  3667 | D:8      | Noticed Maurice
  3673 | D:8      | Killed Maurice
  3673 | D:8      | Reached *** piety under Okawaru
  3674 | D:8      | Reached skill level 4 in Shapeshifting
  3674 | D:8      | Reached XP level 8. HP: 60/60 MP: 8/8
  3679 | D:8      | Reached skill level 5 in Shapeshifting
  3686 | D:8      | Found a flagged portal.
  3711 | D:8      | Reached skill level 6 in Shapeshifting
  3789 | D:8      | Reached XP level 9. HP: 23/65 MP: 9/9
  3853 | Bailey   | Entered a bailey
  3938 | Bailey   | Reached skill level 7 in Shapeshifting
  3943 | Bailey   | Reached **** piety under Okawaru
  3944 | Bailey   | Reached skill level 5 in Fighting
  4018 | Bailey   | HP: 1/68 [spriggan/+0 spear (3)]
  4019 | Bailey   | Slain by a spriggan

Illustrated notes

Levels and vault maps discovered:
D:1:      lightli_arrival_farm, layout_loops_ring, dreamdust_princess_bridge,
          hangedman_abyss_or_decor_lesser_grid
D:2:      wander_river, layout_loops_cross
D:3:      layout_loops_ring, trog_butcher_becter, uniq_natasha, uniq_robin
D:4:      layout_basic, nemelex_diamond_rough_becter, mainiacjoe_overflow_paths,
          minmay_temple_entry_glassed_door, uniq_menkaure
D:5:      layout_basic, kennysheep_little_box, mainiacjoe_overflow_alcove_4,
          grunt_qazlal_clouds
D:8:      layout_cave_pools, david_lair_generic, enter_bailey_3,
          kennysheep_small_square, uniq_maurice
Temple:   compressed_dpeg_triangle_lava_temple
Bailey:   bailey_polearm_enchanted_keep_hellmonk, bailey

Skill      XL: |  1  2  3  4  5  6  7  8  9 |
---------------+----------------------------+-----
Fighting       | 3 4 5 |  5.3
Staves         | 1 3 4 6 |  6.0
Dodging        | 4 |  4.0
Shapeshifting  | 4 6 7 |  7.0
Short Blades   | |  2.6
Throwing       | |  1.7

Action                     |  1- 3 |  4- 6 |  7- 9 || total
---------------------------+-------+-------+-------++-------
  Melee: Rapier            |    74 |       |       ||    74
         Kick              |    18 |    15 |    37 ||    70
         Quarterstaff      |    21 |    78 |   116 ||   215
  Throw: Throwing net      |       |     2 |     2 ||     4
 Invoke: Heroism           |       |       |     1 ||     1
    Use: Scroll            |     2 |     6 |     2 ||    10
   Stab: Sleeping          |       |     2 |       ||     2
 Armour: Leather armour    |    49 |    32 |       ||    81
         Robe              |       |    18 |    69 ||    87
  Dodge: Dodged            |    59 |    39 |    78 ||   176
   Form: Beast             |       |       |     1 ||     1

Table legend: (Time is in decaauts)
 A = Elapsed time spent in this place.
 B = Non-inter-level travel time spent in this place.
 C = Inter-level travel time spent in this place.
 D = Time resting spent in this place.
 E = Time spent auto-exploring this place.
 F = Levels seen in this place.
 G = Mean time per level.
                   A        B        C        D        E       F      G
               +--------+--------+--------+--------+--------+-----+--------+
         Total |   4081 |   3916 |    165 |    379 |   2796 |   8 |  510.1 |
       Dungeon |   3892 |   3744 |    148 |    379 |   2664 |   6 |  648.7 |
        Temple |     18 |      1 |     17 |      0 |      0 |   1 |   18.0 |
        Bailey |    169 |    169 |      0 |      0 |    132 |   1 |  169.0 |
               +--------+--------+--------+--------+--------+-----+--------+

Top non-repeatable levels by time:
     D:4: 1165 daAuts
     D:1: 847 daAuts
     D:3: 719 daAuts
     D:2: 660 daAuts
     D:5: 295 daAuts
     D:8: 204 daAuts
  Bailey: 169 daAuts
  Temple: 18 daAuts
